1748 views
Uploaded 2022-12-13 00:15:47
Game version 1.32.10
24:38 long 1on1 ladder game on (2)ConcealedHill
Saved by DKnight
1748 views
Uploaded 2022-12-13 00:15:47
Game version 1.32.10
24:38 long 1on1 ladder game on (2)ConcealedHill

30 units @ 5.5k
/ 0.9k
12 buildings @ 1.9k
/ 0.7k



| Rod of Necromancy | 3 | 450 |
| Orb of Corruption | 1 | 375 |
| total: | 4 | 825g |
| Acolyte | 3 | 225 | / | 0 |
| Ghoul | 6 | 720 | / | 0 |
| Crypt Fiend | 10 | 2150 | / | 400 |
| Obsidian Statue | 5 | 1000 | / | 175 |
| Meat Wagon | 2 | 460 | / | 100 |
| Abomination | 3 | 720 | / | 210 |
| Gargoyle | 1 | 175 | / | 30 |
| total: | 30 | 5450g | / | 915w |
| Nerubian Tower | 1 | 100 | / | 20 |
| Altar of Darkness | 1 | 180 | / | 50 |
| Ziggurat | 6 | 900 | / | 300 |
| Crypt | 1 | 200 | / | 50 |
| Tomb of Relics | 1 | 130 | / | 30 |
| Graveyard | 1 | 215 | / | 0 |
| Slaughterhouse | 2 | 280 | / | 270 |
| Halls of the Dead | 1 | 320 | / | 210 |
| Black Citadel | 1 | 325 | / | 230 |
| total: | 12 | 1905g | / | 700w |
| 0:03 | Acolyte |
| 0:03 | Acolyte |
| 0:08 | Altar of Darkness |
| 0:09 | Ziggurat |
| 0:36 | Crypt |
| 0:41 | Acolyte |
| 0:58 | Tomb of Relics |
| 1:31 | Ziggurat |
| 1:46 | Ghoul |
| 2:06 | Rod of Necromancy |
| 2:11 | Death Coil |
| 2:22 | Ghoul |
| 2:24 | Ghoul |
| 2:37 | Graveyard |
| 3:09 | Ghoul |
| 3:35 | Ghoul |
| 3:58 | Ghoul |
| 4:00 | Halls of the Dead |
| 4:30 | Ziggurat |
| 4:32 | Crypt Fiend |
| 4:48 | Nerubian Tower |
| 5:11 | Crypt Fiend |
| 5:28 | Unholy Aura |
| 5:36 | Ziggurat |
| 5:37 | Crypt Fiend |
| 5:39 | Rod of Necromancy |
| 6:19 | Crypt Fiend |
| 6:55 | Death Coil |
| 7:00 | Slaughterhouse |
| 7:14 | Slaughterhouse |
| 8:14 | Rod of Necromancy |
| 8:16 | Frost Nova |
| 8:22 | Obsidian Statue |
| 8:23 | Crypt Fiend |
| 8:27 | Ziggurat |
| 8:43 | Black Citadel |
| 8:54 | Obsidian Statue |
| 9:22 | Meat Wagon |
| 9:27 | Ziggurat |
| 9:52 | Meat Wagon |
| 10:15 | Unholy Aura |
| 10:23 | Dark Ritual |
| 11:11 | Rain of Fire |
| 11:27 | Orb of Corruption |
| 11:44 | Disease Cloud |
| 12:18 | Obsidian Statue |
| 12:41 | Crypt Fiend |
| 13:52 | Crypt Fiend |
| 14:23 | Obsidian Statue |
| 14:42 | Obsidian Statue |
| 15:12 | Abomination |
| 16:15 | Crypt Fiend |
| 16:16 | Abomination |
| 16:58 | Frost Nova |
| 17:32 | Crypt Fiend |
| 17:33 | Abomination |
| 17:57 | Dark Ritual |
| 18:00 | Death Coil |
| 18:30 | Crypt Fiend |
| 21:17 | Ghoul Frenzy |
| 21:18 | Gargoyle |
| Right click | 1294 |
| Select group | 874 |
| Select | 432 |
| Misc. action | 142 |
| Build/train/purchase | 88 |
| Assign group | 71 |
| Chat | 62 |
| Use ability | 42 |
| Item give/drop | 3 |
29 units @ 4.5k
/ 0.6k
21 buildings @ 2.9k
/ 1.1k


| Scroll of Regeneration | 7 | 700 |
| Lesser Clarity Potion | 1 | 70 |
| Potion of Healing | 1 | 150 |
| Scroll of Town Portal | 1 | 350 |
| Potion of Lesser Invulnerability | 1 | 150 |
| Boots of Speed | 1 | 250 |
| total: | 12 | 1670g |
| Peasant | 9 | 675 | / | 0 |
| Footman | 6 | 810 | / | 0 |
| Rifleman | 5 | 1025 | / | 150 |
| Knight | 5 | 1225 | / | 300 |
| Spell Breaker | 2 | 430 | / | 60 |
| Priest | 1 | 135 | / | 10 |
| Goblin Zeppelin | 1 | 240 | / | 60 |
| total: | 29 | 4540g | / | 580w |
| Scout Tower | 1 | 30 | / | 20 |
| Arcane Tower | 1 | 70 | / | 50 |
| Altar of Kings | 1 | 180 | / | 50 |
| Farm | 8 | 640 | / | 160 |
| Barracks | 2 | 320 | / | 120 |
| Arcane Vault | 4 | 520 | / | 120 |
| Blacksmith | 1 | 140 | / | 60 |
| Lumber Mill | 1 | 120 | / | 0 |
| Town Hall | 2 | 770 | / | 410 |
| Arcane Sanctum | 1 | 150 | / | 140 |
| Keep | 1 | 320 | / | 210 |
| Castle | 1 | 360 | / | 210 |
| total: | 21 | 2870g | / | 1080w |
| 0:01 | Peasant |
| 0:12 | Altar of Kings |
| 0:17 | Farm |
| 0:20 | Barracks |
| 0:22 | Peasant |
| 0:38 | Peasant |
| 0:41 | Farm |
| 0:53 | Peasant |
| 1:08 | Farm |
| 1:22 | Peasant |
| 1:23 | Footman |
| 2:00 | Peasant |
| 2:08 | Footman |
| 2:13 | Holy Light |
| 2:36 | Scout Tower |
| 2:37 | Peasant |
| 2:40 | Farm |
| 3:09 | Footman |
| 3:38 | Footman |
| 3:56 | Footman |
| 3:57 | Arcane Tower |
| 4:08 | Arcane Vault |
| 4:09 | Arcane Vault |
| 4:37 | Keep |
| 4:53 | Blacksmith |
| 4:55 | Lumber Mill |
| 5:11 | Footman |
| 5:14 | Divine Shield |
| 5:25 | Farm |
| 5:37 | Scroll of Regeneration |
| 6:16 | Rifleman |
| 6:33 | Rifleman |
| 6:34 | Improved Lumber Harvesting |
| 7:06 | Long Rifles |
| 7:30 | Holy Light |
| 7:37 | Peasant |
| 7:37 | Peasant |
| 8:06 | Scroll of Regeneration |
| 8:06 | Scroll of Regeneration |
| 8:06 | Lesser Clarity Potion |
| 8:09 | Storm Bolt |
| 8:15 | Rifleman |
| 8:21 | Improved Masonry |
| 9:13 | Potion of Lesser Invulnerability |
| 9:14 | Boots of Speed |
| 9:28 | Castle |
| 9:29 | Farm |
| 9:44 | Farm |
| 9:52 | Rifleman |
| 9:56 | Bash |
| 10:39 | Rifleman |
| 10:59 | Black Gunpowder |
| 11:13 | Devotion Aura |
| 11:38 | Arcane Sanctum |
| 11:42 | Studded Leather Armor |
| 12:12 | Knight |
| 12:16 | Storm Bolt |
| 12:39 | Scroll of Regeneration |
| 12:42 | Scroll of Town Portal |
| 13:01 | Spell Breaker |
| 13:49 | Spell Breaker |
| 13:51 | Knight |
| 13:54 | Scroll of Regeneration |
| 13:54 | Potion of Healing |
| 14:10 | Scroll of Regeneration |
| 15:00 | Knight |
| 15:16 | Barracks |
| 15:21 | Arcane Vault |
| 15:22 | Arcane Vault |
| 16:08 | Priest |
| 16:11 | Knight |
| 16:46 | Knight |
| 16:50 | Scroll of Regeneration |
| 18:21 | Advanced Masonry |
| 20:14 | Goblin Zeppelin |
| 21:37 | Town Hall |
| 22:16 | Town Hall |
| 22:21 | Farm |
| Right click | 729 |
| Chat | 586 |
| Select group | 362 |
| Select | 313 |
| Misc. action | 179 |
| Build/train/purchase | 86 |
| Assign group | 62 |
| Use ability | 44 |
| Item give/drop | 6 |
| Esc | 1 |